 Dungeon Crawl Stone Soup version 0.18-a0-1637-g109f206 (webtiles) character file.

36976 HandofTrog the Spear-Bearer (level 13, -23/87 HPs)
             Began as a Gargoyle Gladiator on Mar 25, 2016.
             Was an Initiate of Gozag.
             Killed from afar by a lindwurm (41 damage)
             ... with a blast of flame
             ... on level 8 of the Lair of Beasts on Mar 26, 2016.
             The game lasted 05:21:20 (27837 turns).

HandofTrog the Spear-Bearer (Gargoyle Gladiator)   Turns: 27837, Time: 05:21:20

Health: -23/87     AC: 31    Str: 23    XL:     13   Next: 93%
Magic:  13/13      EV: 10    Int: 11    God:    Gozag
Gold:   1063       SH:  6    Dex: 15    Spells: 2 memorised, 8 levels left

rFire  . . .     SeeInvis +     Q - +0 spear (flame)
rCold  . . .     Gourm    .     V - +3 chain mail
rNeg   + . .     Faith    .     j - +1 buckler of Refuge {Str+4 SInv}
rPois  ∞         Spirit   .     c - +1 helmet
rElec  +         Dismiss  +     L - +0 cloak
rCorr  .         Reflect  .     S - +0 pair of gloves
SustAt .         Harm     .     C - +0 pair of boots
MR     .....                    E - amulet of dismissal
Stlth  ..........               b - +1 ring of slaying
                                h - ring of Opograedd {+Fly Str-5 Int+2 Dex+5 Stlth+}

@: very slightly contaminated, not resistant to hostile enchantments, extremely
unstealthy
A: negative energy resistance 1, electricity resistance, unbreathing,
petrification resistance, rot immunity, AC +9
a: Potion Petition, Call Merchant, Bribe Branch, Renounce Religion, Evoke Flight


You were on level 8 of the Lair of Beasts.
You worshipped Gozag.
Gozag was noncommittal.
You were hungry.

You visited 3 branches of the dungeon, and saw 19 of its levels.
You also visited: Sewer and Volcano.

You collected 4151 gold pieces.
You spent 1074 gold pieces at shops.
You paid 2014 gold pieces to Gozag.

Inventory:

Hand Weapons
 Q - a +0 spear of flaming (weapon)
Missiles
 q - 11 tomahawks (quivered)
 y - a poisoned tomahawk
 G - 3 poisoned javelins
 P - 5 javelins
Armour
 c - a +1 helmet (worn)
 j - the +1 buckler of Refuge (worn) {Str+4 SInv}
   (You bought it in a shop on level 10 of the Dungeon)

   It affects your strength (+4).
   It lets you see invisible.
 s - a +0 chain mail of fire resistance
 C - a +0 pair of boots (worn)
 L - a +0 cloak (worn)
 S - a +0 pair of gloves (worn)
 V - a +3 chain mail (worn)
Magical Staves
 u - an uncursed staff of power {unknown}
Jewellery
 b - a +1 ring of slaying (right hand)
 h - the ring of Opograedd (left hand) {+Fly Str-5 Int+2 Dex+5 Stlth+}
   (You bought it in a shop on level 10 of the Dungeon)

   [ring of intelligence]

   It affects your strength (-5).
   It affects your intelligence (+2).
   It affects your dexterity (+5).
   It lets you fly.
   It makes you more stealthy.
 k - an uncursed ring of wizardry
 E - an amulet of dismissal (around neck)
 J - an uncursed ring of poison resistance
 Y - an uncursed ring of fire
Wands
 e - a wand of iceblast (8/15)
 H - a wand of disintegration (21/24)
Scrolls
 f - 4 scrolls of identify
 l - 2 scrolls of enchant armour
 o - a scroll of enchant weapon
 x - 7 scrolls of remove curse
 z - a scroll of magic mapping
 B - 3 scrolls of recharging
 K - 2 scrolls of silence
 W - a scroll of holy word
Potions
 g - 3 potions of magic
 i - 5 potions of flight
 p - a potion of curing
 r - 3 potions of resistance
 v - 5 potions of brilliance
 w - a potion of cure mutation
 I - a potion of cancellation
 T - a potion of beneficial mutation
Books
 d - the Guide on Moulding
   (You found it on level 8 of the Dungeon)

   Spells                             Type                      Level
   a - Sticks to Snakes               Transmutation                2
   b - Irradiate                      Conjuration/Transmutation    5
   c - Blade Hands                    Transmutation                5
   d - Dragon Form                    Transmutation                7
 A - a book of Minor Magic

   Spells                             Type                      Level
   a - Magic Dart                     Conjuration                  1
   b - Blink                          Translocation                2
   c - Call Imp                       Summoning                    2
   d - Repel Missiles                 Charms/Air                   2
   e - Slow                           Hexes                        2
   f - Conjure Flame                  Conjuration/Fire             3
   g - Mephitic Cloud                 Conjuration/Poison/Air       3
 M - a book of Spatial Translocations

   Spells                             Type                      Level
   a - Apportation                    Translocation                1
   b - Blink                          Translocation                2
   c - Shroud of Golubria             Charms/Translocation         2
   d - Portal Projectile              Translocation                3
   e - Teleport Other                 Translocation                3
   f - Passage of Golubria            Translocation                4
 N - a book of Envenomations

   Spells                             Type                      Level
   a - Spider Form                    Transmutation/Poison         3
   b - Olgreb's Toxic Radiance        Poison                       4
   c - Alistair's Intoxication        Transmutation/Poison         5
   d - Poisonous Cloud                Conjuration/Poison/Air       6
 O - a book of Frost

   Spells                             Type                      Level
   a - Freeze                         Ice                          1
   b - Throw Frost                    Conjuration/Ice              2
   c - Ozocubu's Armour               Charms/Ice                   3
   d - Throw Icicle                   Conjuration/Ice              4
   e - Summon Ice Beast               Ice/Summoning                4
Miscellaneous
 n - a plain deck of changes
 F - a plain deck of defence
Comestibles
 a - 3 bread rations
 m - 3 fruits
 D - 3 meat rations
 R - a slice of pizza
 X - a beef jerky


   Skills:
 + Level 12.6 Fighting
 - Level 14.4(14.5) Polearms
 - Level 3.0(10.9) Staves
 - Level 1.7 Throwing
 - Level 12.5 Armour
 - Level 2.4 Dodging
 - Level 5.0 Shields


You had 8 spell levels left.
You knew the following spells:

 Your Spells              Type           Power        Failure   Level  Hunger
a - Blink                 Tloc           N/A          100%        2    ###....
b - Repel Missiles        Chrm/Air       #.....       100%        2    ###....


Dungeon Overview and Level Annotations

Branches:
Dungeon (10/15)            Temple (1/1) D:6            Lair (8/8) D:10
  Swamp (0/4) Lair:3        Slime (0/6) Lair:7
  Snake: Lair:3-6    Spider: Lair:3-6       Orc: D:9-12

Altars:
Ashenzari
Cheibriados
Dithmenos
Elyvilon
Fedhas
Gozag
Kikubaaqudgha
Makhleb
Nemelex Xobeh
Okawaru
Pakellas
Qazlal
Ru
Sif Muna
Trog
Vehumet
Xom
Yredelemnul
Zin
The Shining One
Jiyva

Shops:
D:8 *   D:10 *

Annotations:
Lair:5 Nessos


Innate Abilities, Weirdness & Mutations

You are resistant to torment.
Your stone body is resilient (AC +9).
You are immune to poison.
You resist negative energy.
You are resistant to electric shocks.
You can survive without breathing.
You are immune to petrification.
You are immune to rotting.


Message History

Q - a +0 spear of flaming (weapon)
You block the crocodile's attack.
Remove which piece of jewellery? (? for menu, Esc to quit)
Okay, then.
Read which item? (? for menu, Esc to quit)
Blink to where?
Press: ? - help, Dir - move target cursor You are very lightly contaminated with residual magic.
As you read the scroll labeled NANKABISOD, it crumbles to dust.
It was a scroll of blinking.
Quiver which item? (- for none, * to show all) (? for menu, Esc to quit)
Okay, then.
Drink which item? (? for menu, Esc to quit)
You can't drink that!
Drink which item? (? for menu, Esc to quit)
You feel better. The lindwurm breathes flames at you.
The blast of flame hits the fungus.
The blast of flame hits you!
You die...
Your body crumbles into a pile of gold.

## .# ##
###############
.###.#.#.##P.PP..#
.#.......P.PPP..##
............PP..###
.........P.PP...@.#
..........P.P..PP.##
......#.....PP.P..P#
.....##......t..P..##
.....+......Pk......#
(.................###
.....§##.........P#
.....#.#.....P..###
.....k#$......PPP.#


You could see a lindwurm and a crocodile.

Vanquished Creatures
  Snorg (Lair:6)
  5 hydras
  Urug (Lair:3)
  A hill giant (D:10)
  A griffon (Lair:7)
  9 elephants
  A centaur zombie (D:10)
  Psyche (D:10)
  5 black mambas
  A molten gargoyle (Volcano)
  14 spiny frogs
  2 rime drakes
  9 komodo dragons
  A polar bear (Lair:7)
  Prince Ribbit (D:6)
  17 blink frogs
  11 yaks
  3 wyverns
  2 fire bats (Volcano)
  2 basilisks (Lair:7)
  3 humans
  A hungry ghost (D:10)
  The ghost of yogakurto the Ducker, an amateur MiAM (D:3)
  6 hippogriffs
  5 insubstantial wisps (Lair:3)
  7 water moccasins
  Duvessa (D:7)
  13 porcupines
  4 orc warriors
  An ice beast (D:9)
  A sky beast (D:7)
  Purgy (Sewer)
  16 wolves
  3 black bears
  3 phantoms
  6 centaurs
  7 ogres
  15 crocodiles
  A big kobold (D:7)
  12 giant frogs
  Dowan (D:7)
  2 scorpions
  A water moccasin skeleton (D:6)
  4 wights (D:9)
  A jelly (D:7)
  2 howler monkeys
  6 lava snakes
  2 crimson imps (D:6)
  A giant frog zombie (D:10)
  4 hounds
  Crazy Yiuf (D:6)
  A giant frog skeleton (D:6)
  5 orc priests
  A centaur skeleton (D:10)
  14 iguanas
  5 orc wizards
  A human skeleton (D:3)
  10 worker ants
  13 sheep
  A hound skeleton (D:9)
  A gnoll (D:9)
  A worker ant zombie (D:8)
  14 adders
  100 river rats
  4 shadow imps
  An ooze (D:2)
  2 worms
  2 dart slugs
  4 giant geckos
  30 orcs
  3 ball pythons
  7 giant cockroaches
  4 goblins
  10 hobgoblins
  9 jackals
  4 quokkas
  5 bats
  9 giant newts
  A goblin zombie (D:3)
  A jackal zombie (D:9)
  15 kobolds
  A quokka skeleton (D:6)
  10 rats
509 creatures vanquished.

Vanquished Creatures (others)
  A bat (D:2)
  A goblin (D:2)
  64 fungi
  17 plants
83 creatures vanquished.

Grand Total: 592 creatures vanquished

Notes
Turn   | Place    | Note
--------------------------------------------------------------
     0 | D:1      | HandofTrog the Gargoyle Gladiator began the quest for the Orb.
     0 | D:1      | Reached XP level 1. HP: 12/12 MP: 1/1
    34 | D:1      | Reached XP level 2. HP: 15/18 MP: 2/2
   608 | D:1      | Reached XP level 3. HP: 22/24 MP: 3/3
  1341 | D:2      | Reached XP level 4. HP: 26/30 MP: 4/4
  1350 | D:2      | Found an oddly glowing altar of Pakellas.
  1618 | D:2      | Reached skill level 5 in Fighting
  2075 | D:3      | Noticed yogakurto's ghost (amateur MiAM)
  2086 | D:3      | Killed yogakurto's ghost
  2086 | D:3      | Reached XP level 5. HP: 23/37 MP: 5/5
  2086 | D:3      | Reached XP level 6. HP: 26/42 MP: 6/6
  2317 | D:3      | Found a runed door.
  2317 | D:3      | Noticed a human
  2319 | D:3      | Found a basalt altar of Yredelemnul.
  2340 | D:3      | Killed a human
  2678 | D:3      | Reached XP level 7. HP: 46/49 MP: 7/7
  2830 | D:3      | Found a sparkling altar of Nemelex Xobeh.
  3815 | D:4      | Reached XP level 8. HP: 15/57 MP: 8/8
  4051 | D:4      | Reached skill level 1 in Armour
  4551 | D:4      | Found a glowing golden altar of the Shining One.
  4622 | D:5      | Entered Level 5 of the Dungeon
  4631 | D:5      | Found a blossoming altar of Fedhas.
  4930 | D:5      | Found a glowing drain.
  4934 | Sewer    | Entered a sewer
  4991 | Sewer    | Noticed Purgy
  5014 | Sewer    | Killed Purgy
  5332 | D:5      | Found a sacrificial altar of Ru.
  5332 | D:5      | Found a glowing silver altar of Zin.
  5365 | D:6      | Found a staircase to the Ecumenical Temple.
  5372 | D:6      | Reached skill level 5 in Armour
  5467 | D:6      | Noticed Prince Ribbit
  5496 | D:6      | Killed Prince Ribbit
  5523 | D:6      | Found an oddly glowing altar of Pakellas.
  5661 | D:6      | Reached XP level 9. HP: 59/62 MP: 9/9
  6066 | D:6      | Noticed Crazy Yiuf
  6072 | D:6      | Killed Crazy Yiuf
  6190 | Temple   | Entered the Ecumenical Temple
  6488 | Temple   | Became a worshipper of Gozag Ym Sagoz the Greedy
  6651 | D:7      | Got a smoking leather armour
  6879 | D:7      | Noticed Duvessa
  6879 | D:7      | Noticed Dowan
  6897 | D:7      | Killed Duvessa
  6906 | D:7      | Killed Dowan
  7126 | D:7      | Reached skill level 10 in Armour
  7296 | D:7      | Found an iron altar of Okawaru.
  7821 | D:8      | Found Uxuig's Assorted Antiques.
  7861 | D:8      | Reached XP level 10. HP: 60/68 MP: 10/10
  8216 | D:8      | Identified the +1 leather armour of Optimism {MR+ rCorr} (You found it on level 7 of the Dungeon)
  8484 | D:8      | Identified the Guide on Moulding
  9107 | D:9      | Found a burning altar of Makhleb.
  9277 | D:10     | Entered Level 10 of the Dungeon
  9277 | D:10     | Noticed Psyche
  9367 | D:10     | Learned a level 2 spell: Blink
  9370 | D:10     | Learned a level 2 spell: Repel Missiles
  9472 | D:10     | Noticed a hill giant
  9529 | D:10     | Bought a scintillating granite ring for 155 gold pieces
  9529 | D:10     | Bought a bloodstained buckler for 294 gold pieces
  9529 | D:10     | Identified the ring of Opograedd {+Fly Str-5 Int+2 Dex+5 Stlth+} (You bought it in a shop on level 10 of the Dungeon)
  9544 | D:10     | Identified the +1 buckler of Refuge {Str+4 SInv} (You bought it in a shop on level 10 of the Dungeon)
  9602 | D:10     | Reached skill level 1 in Shields
  9713 | D:10     | Found a staircase to the Lair.
  9778 | D:10     | Killed a hill giant
 10427 | D:9      | Reached skill level 5 in Shields
 10519 | D:9      | Reached skill level 1 in Polearms
 10702 | D:9      | Reached skill level 2 in Polearms
 10835 | D:9      | Found a shimmering altar of Xom.
 10850 | D:9      | Reached skill level 3 in Polearms
 11288 | D:10     | Killed Psyche
 11288 | D:10     | Reached skill level 4 in Polearms
 11428 | D:10     | Reached XP level 11. HP: 63/72 MP: 11/11
 11499 | D:10     | Bought 2 dark potions for 55 gold pieces
 11499 | D:10     | Bought a steel ring for 155 gold pieces
 11590 | Lair:1   | Entered Level 1 of the Lair of Beasts
 11671 | Lair:1   | Found a dark tunnel.
 11681 | Volcano  | Entered a volcano
 11730 | Volcano  | Reached skill level 5 in Polearms
 12018 | Volcano  | Noticed a lasher statue
 12018 | Volcano  | Noticed a lasher statue
 12021 | Volcano  | Noticed a lasher statue
 12021 | Volcano  | Noticed a lasher statue
 12022 | Volcano  | Noticed a lasher statue
 12024 | Volcano  | Noticed a lasher statue
 12110 | Volcano  | Found a snail-covered altar of Cheibriados.
 12110 | Volcano  | Noticed a red ugly thing
 12110 | Volcano  | Noticed a red ugly thing
 12152 | Volcano  | Reached skill level 6 in Polearms
 13101 | Lair:1   | Reached skill level 7 in Polearms
 13486 | Lair:1   | Upgraded the game from 0.18-a0-1628-g61c6396 to 0.18-a0-1637-g109f206
 14151 | Lair:1   | Reached skill level 8 in Polearms
 14621 | Lair:2   | Reached skill level 9 in Polearms
 15492 | Lair:2   | Noticed a five-headed hydra
 15516 | Lair:2   | Killed a five-headed hydra
 15604 | Lair:2   | Noticed a seven-headed hydra
 15607 | Lair:2   | Noticed a six-headed hydra
 15644 | Lair:2   | Killed a seven-headed hydra
 15644 | Lair:2   | Reached skill level 10 in Polearms
 15644 | Lair:2   | Reached XP level 12. HP: 55/77 MP: 12/12
 17059 | Lair:2   | Killed a six-headed hydra
 17059 | Lair:2   | Reached skill level 11 in Polearms
 17476 | Lair:3   | Found a staircase to the Swamp.
 17476 | Lair:3   | Noticed Urug
 18100 | Lair:3   | Killed Urug
 18474 | Lair:3   | Reached skill level 12 in Polearms
 19816 | Lair:4   | Found a radiant altar of Vehumet.
 19845 | Lair:4   | Found a labyrinth entrance.
 20565 | Lair:5   | Reached skill level 13 in Polearms
 20820 | Lair:5   | Noticed Nessos
 21113 | Lair:5   | Reached XP level 13. HP: 51/82 MP: 13/13
 23240 | Lair:6   | Reached skill level 14 in Polearms
 23510 | Lair:6   | Noticed Snorg
 23584 | Lair:6   | Killed Snorg
 23601 | Lair:6   | Bought a meat ration for 50 gold pieces
 23601 | Lair:6   | Bought a bread ration for 50 gold pieces
 23601 | Lair:6   | Bought a meat ration for 50 gold pieces
 23601 | Lair:6   | Bought a bread ration for 50 gold pieces
 23601 | Lair:6   | Bought a slice of pizza for 15 gold pieces
 23601 | Lair:6   | Bought a meat ration for 50 gold pieces
 23601 | Lair:6   | Bought a meat ration for 50 gold pieces
 23601 | Lair:6   | Bought a meat ration for 50 gold pieces
 23601 | Lair:6   | Bought a bread ration for 50 gold pieces
 25011 | Lair:7   | Reached skill level 10 in Fighting
 26310 | Lair:7   | Found a viscous altar of Jiyva.
 26675 | Lair:7   | Found a staircase to the Slime Pits.
 27338 | Lair:8   | Entered Level 8 of the Lair of Beasts
 27837 | Lair:8   | Killed from afar by a lindwurm

Vault maps used:
D:1:      dpeg_arrival_ratfight
D:2:      lemuel_crystal_altar, lemuel_old_faithful
D:3:      nemelex_xobeh_ov_fountains_minmay, dk_yredelemnul_ordeal
D:4:      tso_altar
D:5:      gammafunk_temple_overflow_wave, lemuel_doored_altar, first_bread,
          gup_sewer_entry_bowl
D:6:      temple_pool_b, grunt_pakellas_basics, uniq_prince_ribbit1,
          uniq_crazy_yiuf_cottage
D:7:      okawaru_humans, uniq_duvessa
D:8:      serial_shops, shop
D:9:      marbit_many_paths, lightli_temple_of_fire, serial_co_window_serial,
          co_window_corner_a, co_window_paths_b, co_window_paths_a,
          co_window_of_opportunity_a, co_window_paths_a, co_window_paths_a,
          co_window_paths_a, co_window_corner_a, co_window_paths_a,
          co_window_broadway_a, co_window_of_opportunity_b,
          co_window_of_opportunity_b, co_window_2corner, co_window_paths_c,
          glass_columns_a, kennysheep_minor_cross
D:10:     lair_0_dummy, uniq_psyche
Temple:   triangle_lava_temple_11
Lair:1:   enter_volcano_1, beast_lair_carwin_10, infiniplex_staircase_pool_2,
          grunt_megastairs_4
Lair:2:   nicolae_lair_grove_arrangements, st_stairs_5,
          nicolae_quartered_pool_little, grunt_megastairs_3
Lair:3:   minmay_swamp_entry_wisps, columned_hall_lemuel, serial_bayou_shore_a,
          uniq_urug
Lair:4:   basic_altar, lab_entry_generic, grunt_megastairs_5
Lair:5:   spider_nest_entry_web_field, uniq_nessos
Lair:6:   uniq_snorg
Lair:7:   slime_altar_1, lemuel_fruit_fields
Lair:8:   minmay_lair_end_enchanted_forest, infiniplex_staircase_pool
Sewer:    kennysheep_door_sewer
Volcano:  volcano_grotto

Skill      XL: |  1  2  3  4  5  6  7  8  9 10 11 12 13 |
---------------+----------------------------------------+-----
Fighting       | 3 4 6 8 9 12 | 12.6
Armour         | 7 11 12 | 12.5
Shields        | 5 |  5.0
Polearms       | 4 10 13 14 | 14.4
Staves         | |  3.0
Throwing       | |  1.7
Dodging        | |  2.4

Action                   |  1- 3 |  4- 6 |  7- 9 | 10-12 | 13-15 || total
-------------------------+-------+-------+-------+-------+-------++-------
Melee: Quarterstaff      |   122 |   135 |   559 |   121 |       ||   937
       Spear             |       |       |       |  2553 |  1728 ||  4281
Throw: Throwing net      |       |       |     3 |       |       ||     3
       Javelin           |       |       |    11 |     6 |       ||    17
       Tomahawk          |       |       |     3 |    48 |    10 ||    61
Invok: Call Merchant     |       |       |       |     1 |     1 ||     2
       Potion Petition   |       |       |       |     1 |     2 ||     3
Evoke: Wand              |       |       |       |     3 |       ||     3
  Use: Potion            |     3 |       |       |    13 |     1 ||    17
       Scroll            |       |     7 |     1 |    16 |    10 ||    34
 Stab: Held in net/web   |       |       |     3 |       |       ||     3
       Invisible         |       |       |       |    11 |     2 ||    13
       Distracted        |       |       |       |     4 |     7 ||    11
  Eat: Chunk             |     1 |     5 |     3 |       |       ||     9
       Beef jerky        |       |       |     1 |     1 |     1 ||     3
       Bread ration      |       |       |     2 |     5 |     1 ||     8
       Fruit             |       |       |     2 |     3 |       ||     5
       Pizza             |       |       |     1 |     1 |     1 ||     3
       Meat ration       |       |       |       |     6 |     3 ||     9
